 Dungeon Crawl Stone Soup version 0.22-a0-866-geee50340df (webtiles) character file.

620814 Htamos the Slayer (level 27, -12/299 HPs)
             Began as a Troll Fighter on July 28, 2018.
             Was the Champion of Ashenzari.
             Killed from afar by a purple draconian (22 damage)
             ... with a bolt of dispelling energy
             ... led by Tiamat
             ... on level 5 of the Realm of Zot.
             The game lasted 03:35:05 (63660 turns).

Htamos the Slayer (Troll Fighter)                  Turns: 63660, Time: 03:35:06

Health: -12/299    AC: 27    Str: 35    XL:     27
Magic:  22/22      EV: 16    Int:  4    God:    Ashenzari [******]
Gold:   5326       SH: 33    Dex: 26    Spells: 26/26 levels left

rFire    + + +     SeeInvis +   Y - +9 broad axe (drain)
rCold    + . .     Gourm    +   i - +6 large shield (curse)
rNeg     . . .     Faith    +   j - +4 gold dragon scales (curse)
rPois    +         Spirit   .   T - +2 hat of Dyoffut {rF+ Dex+2 Stlth+} (curse)
rElec    +         Reflect  .   R - scarf {repulsion} (curse)
rCorr    .         Harm     .   (gloves unavailable)
MR       ++...     Clarity  +   (boots unavailable)
Stlth    ..........             N - amulet of faith (curse)
HPRegen  0.99/turn              y - ring "Hucvuoc" {Str+3 Dex+4 Stlth-}
MPRegen  0.18/turn              l - ring "Qeikuzi" {rElec rF+ Dex+2 SInv} (curse)

@: lethally poisoned (-12 -> -14), repel missiles
A: large, unfitting armour, claws 3, blurry vision 1, clarity, deformed body,
deterioration 1, fire resistance 1, fast metabolism 3, gourmand, regeneration 1,
screaming 2, shaggy fur 1, tough skin 2
}: 3/15 runes: serpentine, silver, abyssal
a: Curse Item, Scrying, Transfer Knowledge, Renounce Religion


You were on level 5 of the Realm of Zot.
You worshipped Ashenzari.
Ashenzari was exalted by your worship.
You were full.

You visited 8 branches of the dungeon, and saw 43 of its levels.
You visited the Abyss 3 times.
You also visited: Ossuary.

You collected 7580 gold pieces.
You spent 2254 gold pieces at shops.

Inventory:

Hand Weapons
 k - a +5 blowgun
 u - a +1 morningstar of holy wrath
 w - the +7 sceptre of Torment
   (You found it on level 4 of the Depths)
 D - the +9 arbalest of the Queen {elec, rN+ Int+3 Dex+7}
   (You took it off a yaktaur on level 3 of the Vaults)

   It charges the ammunition it shoots with electricity; occasionally upon a
   hit, such missiles may discharge and cause terrible harm.
   It affects your intelligence (+3).
   It affects your dexterity (+7).
   It protects you from negative energy.
 O - a +8 broad axe of draining
 Y - a +9 broad axe of draining (weapon)
 Z - a +3 demon whip of electrocution
Missiles
 d - 4 throwing nets (quivered)
 S - 4 needles of confusion
Armour
 i - a cursed +6 large shield (worn)
 j - cursed +4 gold dragon scales (worn)
 R - a cursed scarf of repulsion (worn)
 T - the cursed +2 hat of Dyoffut (worn) {rF+ Dex+2 Stlth+}
   (You found it on level 5 of the Vaults)

   It affects your dexterity (+2).
   It protects you from fire.
   It makes you more stealthy.
   It has a curse placed upon it.
Jewellery
 a - the ring "Wuti" {rCorr rElec rC+}
   (You found it on level 13 of the Dungeon)

   [ring of resist corrosion]

   It protects you from cold.
   It insulates you from electricity.
 g - an uncursed amulet of magic regeneration
 h - the ring "Som Owni" {rPois rC- rN+ Str+4 Int+2}
   (You found it on level 15 of the Dungeon)

   [ring of positive energy]

   It affects your strength (+4).
   It affects your intelligence (+2).
   It makes you vulnerable to cold.
   It protects you from poison.
   It protects you from negative energy.
 l - the cursed ring "Qeikuzi" (right claw) {rElec rF+ Dex+2 SInv}
   (You found it on level 13 of the Dungeon)

   [ring of protection from fire]

   It affects your dexterity (+2).
   It protects you from fire.
   It insulates you from electricity.
   It lets you see invisible.
   It has a curse placed upon it.
 t - an uncursed ring of protection from magic
 y - the ring "Hucvuoc" (left claw) {Str+3 Dex+4 Stlth-}
   (You found it on level 4 of the Depths)

   [ring of attention]

   It affects your strength (+3).
   It affects your dexterity (+4).
   It makes you less stealthy.
 C - a +5 ring of intelligence
 E - a +4 ring of intelligence
 J - an uncursed ring of wizardry
 L - an uncursed ring of magical power
 N - a cursed amulet of faith (around neck)
 W - an uncursed ring of stealth
Wands
 b - a wand of acid (42)
 e - a wand of polymorph (59)
 n - a wand of iceblast (12)
 o - a wand of paralysis (20)
 q - a wand of flame (132)
 A - a wand of disintegration (34)
 B - a wand of clouds (13)
 G - a wand of digging (8)
 M - a wand of random effects (93)
Scrolls
 c - 6 scrolls of magic mapping
 m - 4 scrolls of teleportation
 p - 21 scrolls of identify
 s - 17 scrolls of remove curse
 v - 9 scrolls of amnesia
 K - 4 scrolls of fear
 U - 10 scrolls of fog
 V - 3 scrolls of blinking
 X - 4 scrolls of silence
Potions
 r - 9 potions of flight
 x - 8 potions of lignification
 z - 3 potions of magic
 F - a potion of curing
 H - 4 potions of agility
 I - 3 potions of cancellation
 P - 2 potions of haste
Miscellaneous
 Q - a lamp of fire
Comestibles
 f - 60 rations


   Skills:
 * Level 21.7 Fighting
 + Level 19.5 Axes
 - Level 1.7 Crossbows
 + Level 16.9(22.0) Armour
 + Level 12.9 Dodging
 + Level 19.8(22.1) Shields


You had 26 spell levels left.
You didn't know any spells.
Your spell library contained the following spells:

 Spells                   Type           Power        Failure   Level  Hunger
 Cause Fear               Hex            #.........   100%        4    #####..
 Magic Dart               Conj           #...         97%         1    ##.....
 Fireball                 Conj/Fire      #.........   100%        5    ######.
 Apportation              Tloc           #.....       97%         1    ##.....
 Conjure Flame            Conj/Fire      #.......     100%        3    ####...
 Bolt of Fire             Conj/Fire      #.........   100%        6    #######
 Bolt of Cold             Conj/Ice       #.........   100%        6    #######
 Lightning Bolt           Conj/Air       #.........   100%        5    ######.
 Bolt of Magma            Conj/Fire/Erth #.........   100%        5    ######.
 Slow                     Hex            #.......     99%         2    ###....
 Throw Flame              Conj/Fire      #.....       99%         2    ###....
 Controlled Blink         Tloc           N/A          100%        8    #######
 Freezing Cloud           Conj/Ice/Air   #.........   100%        6    #######
 Mephitic Cloud           Conj/Pois/Air  #.......     100%        3    ####...
 Ring of Flames           Chrm/Fire      #.........   100%        7    #######
 Venom Bolt               Conj/Pois      #.........   100%        5    ######.
 Olgreb's Toxic Radiance  Pois           #.......     100%        4    #####..
 Bolt of Draining         Conj/Necr      #.........   100%        5    ######.
 Lehudib's Crystal Spear  Conj/Erth      #.........   100%        8    #######
 Fire Storm               Conj/Fire      #.........   100%        9    #######
 Blink                    Tloc           N/A          99%         2    ###....
 Ozocubu's Refrigeration  Ice            #.........   100%        6    #######
 Sticky Flame             Conj/Fire      #.......     100%        4    #####..
 Summon Ice Beast         Ice/Summ       #.......     100%        4    #####..
 Call Imp                 Summ           #.......     99%         2    ###....
 Dispel Undead            Necr           #.......     100%        5    ######.
 Poison Arrow             Conj/Pois      #.........   100%        6    #######
 Sting                    Conj/Pois      #...         97%         1    ##.....
 Sublimation of Blood     Necr           #.........   99%         2    ###....
 Corpse Rot               Necr           N/A          99%         2    ###....
 Iron Shot                Conj/Erth      #.........   100%        6    #######
 Stone Arrow              Conj/Erth      #.....       100%        3    ####...
 Shock                    Conj/Air       #...         97%         1    ##.....
 Swiftness                Chrm/Air       #.......     99%         2    ###....
 Agony                    Necr           #.......     100%        5    ######.
 Statue Form              Tmut/Erth      #........    100%        6    #######
 Ice Form                 Ice/Tmut       #.......     100%        4    #####..
 Dragon Form              Tmut           #.........   100%        7    #######
 Glaciate                 Conj/Ice       #.........   100%        9    #######
 Airstrike                Air            #.........   100%        4    #####..
 Flame Tongue             Conj/Fire      #....        97%         1    ##.....
 Ignite Poison            Fire/Tmut/Pois #.......     100%        3    ####...
 Call Canine Familiar     Summ           #.......     100%        3    ####...
 Metabolic Englaciation   Hex/Ice        #.........   100%        5    ######.
 Summon Butterflies       Summ           #.......     97%         1    ##.....
 Shatter                  Erth           #.........   100%        9    #######
 Dispersal                Tloc           #.........   100%        6    #######
 Static Discharge         Conj/Air       #.......     100%        3    ####...
 Alistair's Intoxication  Tmut/Pois      #.......     100%        5    ######.
 Simulacrum               Ice/Necr       #.........   100%        6    #######
 Chain Lightning          Conj/Air       #.........   100%        8    #######
 Excruciating Wounds      Chrm/Necr      #.........   100%        5    ######.
 Portal Projectile        Hex/Tloc       #.....       100%        3    ####...
 Petrify                  Tmut/Erth      #.......     100%        4    #####..
 Orb of Destruction       Conj           #.........   100%        7    #######
 Leda's Liquefaction      Hex/Erth       #.........   100%        4    #####..
 Summon Hydra             Summ           #.........   100%        7    #######
 Inner Flame              Hex/Fire       #.......     100%        3    ####...
 Disjunction              Tloc           #.........   100%        8    #######
 Iskenderun's Battlesphe  Conj/Chrm      #.......     100%        5    ######.
 Force Lance              Conj/Tloc      #.......     100%        4    #####..
 Summon Forest            Summ/Tloc      #.........   100%        5    ######.
 Dragon's Call            Summ           #.........   100%        9    #######
 Spellforged Servitor     Conj/Summ      #.........   100%        7    #######
 Summon Mana Viper        Hex/Summ       #.......     100%        5    ######.
 Hydra Form               Tmut           #.........   100%        6    #######
 Irradiate                Conj/Tmut      #.........   100%        5    ######.
 Gell's Gravitas          Tloc           #.........   100%        3    ####...
 Poisonous Vapours        Pois/Air       #.....       99%         2    ###....


Dungeon Overview and Level Annotations

Branches:
Dungeon (15/15)            Temple (1/1) D:4            Lair (6/6) D:10
 Shoals (0/4) Lair:4        Snake (4/4) Lair:2        Slime (0/5) Lair:6
    Orc (2/2) D:9             Elf (0/3) Orc:2        Vaults (5/5) D:14
  Crypt (0/3) Vaults:2     Depths (5/5) D:15            Zot (5/5) Depths:5

Altars:
Ashenzari
Cheibriados
Dithmenos
Elyvilon
Fedhas
Gozag
Hepliaklqana
Kikubaaqudgha
Nemelex Xobeh
Okawaru
Ru
Sif Muna
Trog
Uskayaw
Vehumet
Wu Jian
Xom
Yredelemnul
Zin
The Shining One
Jiyva
Lugonu

Shops:
D:6 ?   D:8 :   D:14 *   Orc:1 !   Orc:2 (%[?   Vaults:3 }}?((

Portals:
Hell: Depths:1 Depths:2 Depths:3 Depths:4 Depths:5
Abyss: Depths:2 Depths:3 Depths:4 Depths:5
Pandemonium: Depths:3 Depths:4
Ziggurat: Depths:4

Annotations:
Zot:4 3 runed doors, Eti Unetaam's ghost, legendary SpEn; Tirphy's ghost, legendary SpEn; Umeck's ghost, legendary MfSk
Zot:5 1 exclusion, Tiamat


Innate Abilities, Weirdness & Mutations

You are too large for most types of armour.
You have claws for hands.
Your metabolism is lightning-fast.
You like to eat raw meat.
Your natural rate of healing is unusually fast.
You are covered in fur. (AC +1)
You have very tough skin. (AC +2)
Scrolls take you a little longer to read.
You possess an exceptional clarity of mind.
Armour fits poorly on your strangely shaped body.
Your body sometimes deteriorates upon taking damage.
Your flesh is heat resistant. (rF+)
You sometimes yell uncontrollably at your foes.


Message History

The purple draconian goes berserk!
The black draconian rages.
You feel sick. You block the black draconian's attack.
You hear a distant "Zot"!
You feel sick.
The moth of wrath seems less drained.
The purple draconian rages.
You hear a distant "Zot"!
The moth of wrath goads the red draconian on!
The red draconian goes berserk!
You block the purple draconian knight's attack.
You feel sick.
The purple draconian knight is no longer moving quickly.
The purple draconian knight casts a spell at you.
You block the shard of ice.
The white draconian rages.
You feel sick.
You hear a roar!
The purple draconian breathes dispelling energy at you.
The bolt of dispelling energy hits you!
You die...

********* *******#.###***** *****
####* #...# #####
****,,,**#...########...####...##
,,,,,,,,,........................
,,,,,,,,,........................
*********#.........dd............
,,,,,,,,,,.........qdq...........
**********,..#.....dqdd..........
**,,,#..@###.y...########
**,*,#.#.#..d..(.))).⌠....
*,,<.........##...########
**,#.#.#.#...###### #
********,,,.....,#### #
,*,*,,***,#.#,#.***
,,,,,**,,...,,..,,*
,,,,,,*,*.#,*,#.*,*
,,,,,**,,,,,,,,,,,*


You could see Tiamat (berserk), 3 draconians, a black draconian (berserk), a
yellow draconian, a green draconian, 2 draconians and a red draconian (berserk).

Vanquished Creatures
  2 ancient liches
  An orb of fire (Zot:1)
  A juggernaut (Depths:3)
  Bai Suzhen (Vaults:3)
  Margery (Vaults:3)
  2 curse toes (Zot:3)
  9 golden dragons
  4 caustic shrikes
  Nikola (Depths:1)
  7 bone dragons (Abyss:1)
  A profane servitor (Abyss:1)
  A hellephant (Abyss:3)
  4 electric golems
  Jorgrun (Depths:5)
  Rupert (D:14)
  17 tentacled monstrosities
  2 Hell Sentinels
  3 titans
  6 liches
  6 sphinxes
  6 quicksilver dragons
  2 Executioners (Abyss:3)
  9 death cobs
  14 tentacled starspawn
  8 shadow dragons
  7 storm dragons
  8 nagarajas
  Donald (Snake:2)
  Kirke (D:15)
  4 tengu reavers
  7 draconian knights
  2 draconian monks
  21 vault wardens
  15 fire giants
  An iron dragon (Depths:4)
  A deep elf sorcerer (Vaults:4)
  3 balrugs
  A ghost moth (Zot:3)
  Aizul (Snake:2)
  15 frost giants
  Louise (Depths:4)
  4 draconian scorchers
  A cacodemon (Abyss:1)
  12 ironheart preservers
  2 deep elf elementalists (Depths:3)
  8 draconian shifters
  39 very ugly things
  4 reapers
  2 draconian annihilators
  19 stone giants
  2 war gargoyles (Vaults:5)
  2 entropy weavers
  9 green draconians
  5 vampire knights
  2 black draconians
  2 deep elf annihilators
  2 dire elephants (Depths:2)
  9 red draconians
  3 lorocyprocas (Abyss:1)
  5 spark wasps (Depths:4)
  7 yellow draconians
  9 purple draconians
  Azrael (D:15)
  A merfolk javelineer (Depths:2)
  13 white draconians
  A blizzard demon (Abyss:1)
  23 ettins
  6 deep elf death magi
  Erolcha (D:11)
  2 crystal guardians
  A green death (Abyss:1)
  24 yaktaur captains
  14 great orbs of eyes
  13 fire dragons
  7 rakshasas
  34 vault guards
  4 deep elf high priests
  A monstrous demonspawn (Depths:3)
  10 ice dragons
  10 hydras
  2 spriggan air magi
  Erica (D:9)
  12 centaur warriors
  2 catoblepae (Lair:6)
  16 naga warriors
  4 death knights
  19 ogre magi
  2 dancing weapons
  11 anacondas
  A hell hog (Abyss:1)
  A tengu warrior (Depths:2)
  48 two-headed ogres
  Urug (D:15)
  6 deep troll earth magi
  3 death yaks (Lair:6)
  6 deep troll shamans
  2 vampire magi
  3 hell knights (Vaults:3)
  13 naga sharpshooters
  5 orc high priests (Orc:2)
  18 thrashing horrors
  A shock serpent (shapeshifter) (Depths:5)
  4 spriggan berserkers
  5 sun demons
  7 deep elf knights
  10 shock serpents
  18 wretched stars
  3 iron trolls
  A salamander mystic (Snake:3)
  9 skeletal warriors
  3 shadow wraiths
  An infernal demonspawn (Depths:3)
  5 sixfirhies
  4 flayed ghosts
  2 unseen horrors (shapeshifter)
  5 unseen horrors
  5 sea snakes
  6 spatial maelstroms
  4 glowing orange brains
  21 deep trolls
  4 wizards
  A storm dragon skeleton (Abyss:1)
  6 naga ritualists
  A swamp dragon (shapeshifter) (Vaults:5)
  7 phantasmal warriors
  An anaconda zombie (Abyss:3)
  48 starcursed masses
  8 deep elf archers
  12 ironbrand convokers
  2 lindwurms (Lair:6)
  5 harpies
  Pikel (D:7)
  16 deep elf magi
  A harpy (shapeshifter) (Vaults:1)
  A shining eye (Abyss:1)
  An iron dragon zombie (Abyss:1)
  18 mana vipers
  17 orc knights
  5 wolf spiders
  12 salamanders
  3 necromancers
  A stone giant zombie (Abyss:1)
  A frost giant zombie (Abyss:1)
  4 manticores
  2 orc sorcerers
  64 ugly things
  36 moths of wrath
  20 elephants
  A merfolk siren (Lair:4)
  8 cyclopes
  6 worldbinders
  6 guardian serpents
  31 naga magi
  2 apocalypse crabs (Abyss:1)
  26 black mambas
  2 centaur zombies
  2 rust devils (Abyss:1)
  20 vault sentinels
  An elephant (shapeshifter) (Vaults:1)
  10 smoke demons
  A torpor snail (shapeshifter) (Vaults:5)
  Psyche (D:9)
  4 orange demons (Abyss:1)
  6 spiny frogs
  3 gargoyles
  3 rime drakes
  An ice devil (Depths:3)
  A rime drake (shapeshifter) (Vaults:4)
  A kobold demonologist (Abyss:1)
  59 yaktaurs
  3 efreet
  A hellwing (Abyss:3)
  10 komodo dragons
  5 freezing wraiths
  4 guardian mummies (Depths:1)
  A merfolk (D:11)
  The ghost of Htamos the Digger, an amateur TrEE (D:4)
  A jumping spider (shapeshifter) (Vaults:2)
  9 trolls
  2 red devils
  3 tengu conjurers
  7 polar bears
  A meliai (shapeshifter) (D:13)
  7 ancient zymes
  A silent spectre (Abyss:3)
  3 meliai (D:13)
  A dream sheep (shapeshifter) (Depths:4)
  12 hippogriffs
  A meliai zombie (D:15)
  37 slime creatures
  20 raiju
  3 dream sheep (Lair:6)
  20 blink frogs
  6 ynoxinuls
  A redback (shapeshifter) (Depths:1)
  An ettin skeleton (Abyss:3)
  2 shadows
  7 flying skulls
  A redback (D:13)
  4 fire elementals (D:15)
  31 large abominations
  2 wyverns
  2 golden eyes (shapeshifter) (Vaults:1)
  2 hungry ghosts
  5 basilisks
  36 small abominations
  13 water elementals
  5 wraiths
  A hog (D:15)
  2 fire bats (Abyss:1)
  39 yaks
  A fire bat (shapeshifter) (Depths:4)
  16 humans
  2 vampire mosquitoes (D:15)
  11 neqoxecs
  3 chaos spawn
  6 spatial vortices (Abyss:3)
  A soldier ant (D:15)
  61 nagas
  3 wargs
  12 water moccasins
  3 acid dragons
  A porcupine (shapeshifter) (Vaults:5)
  6 porcupines
  3 floating eyes
  2 sky beasts
  3 hell hounds
  A meliai simulacrum (D:15)
  3 black bears
  36 orc warriors
  2 ice beasts
  3 necrophages
  A black bear (shapeshifter) (Abyss:1)
  A phantom (D:3)
  43 ogres
  14 boggarts
  17 centaurs
  29 wolves
  2 eyes of draining
  3 big kobolds
  29 crocodiles
  An earth elemental (Abyss:3)
  Blork the orc (D:5)
  20 bullfrogs
  A wyvern skeleton (D:9)
  14 wights
  A human simulacrum (Vaults:2)
  20 killer bees
  4 scorpions
  3 electric eels
  A howler monkey (D:7)
  A crimson imp (D:7)
  A bullfrog zombie (D:11)
  A human zombie (Ossuary)
  3 iron imps
  8 hounds
  7 quasits
  36 orc priests
  3 centaur skeletons
  A jelly (D:6)
  A bullfrog skeleton (D:4)
  8 iguanas
  28 orc wizards
  8 worker ants
  A hound zombie (D:5)
  2 hound skeletons
  7 mummies
  A worker ant zombie (D:10)
  10 gnolls
  A howler monkey zombie (D:8)
  12 adders
  2 shadow imps
  3 white imps
  4 ufetubi (Abyss:1)
  3 worms
  2 adder zombies
  3 dart slugs
  11 leopard geckos
  92 orcs
  10 bats
  4 giant cockroaches
  4 gnoll zombies
  10 goblins
  5 hobgoblins
  14 jackals
  2 quokkas
  A ball python (D:1)
  A ball python skeleton (D:6)
  11 frilled lizards
  3 goblin zombies (Ossuary)
  3 hobgoblin zombies (Ossuary)
  A jackal zombie (D:5)
  28 kobolds
  A kobold zombie (Ossuary)
  2 leopard gecko skeletons
  A quokka zombie (D:9)
  7 rats
  5 crawling corpses
  3 lurking horrors
  3 plants (Depths:2)
  13 starspawn tentacles
2385 creatures vanquished.

Vanquished Creatures (collateral kills)
  An orc knight (Orc:2)
  A hog (D:15)
  3 orc warriors (Orc:2)
  7 orc priests (Orc:2)
  9 orcs (Orc:2)
21 creatures vanquished.

Vanquished Creatures (others)
  A draconian scorcher (Zot:1)
  A deep elf knight (Vaults:5)
  A deep troll (Vaults:5)
  A wizard (Depths:4)
  A black mamba (Snake:4)
  A guardian serpent (Snake:3)
  2 centaur skeletons
  4 humans (D:15)
  2 hogs (D:15)
  An orc warrior (Vaults:3)
  2 boggarts
  2 ogres
  A wight (D:15)
  A small abomination (Abyss:3)
  A worker ant (D:12)
  An adder (D:11)
  A gnoll (shapeshifter) (Vaults:5)
  A gnoll (D:7)
  2 leopard geckos (Lair:2)
  A frilled lizard (Lair:2)
  2 bushes
  7 fungi
  A lurking horror (Abyss:3)
  21 plants
  17 starspawn tentacles
  2 withered plants (Zot:4)
78 creatures vanquished.

Grand Total: 2484 creatures vanquished

Notes
Turn   | Place    | Note
-------+----------+-------------------------------------------
     0 | D:1      | Htamos the Troll Fighter began the quest for the Orb.
     0 | D:1      | Reached XP level 1. HP: 22/22 MP: 0/0
   176 | D:1      | Reached XP level 2. HP: 29/29 MP: 1/1
   766 | D:2      | Reached XP level 3. HP: 36/36 MP: 2/2
   981 | D:2      | Reached XP level 4. HP: 34/44 MP: 3/3
  1078 | D:2      | Found a faded altar of an unknown god.
  2097 | D:3      | Found a hide-covered altar of Uskayaw.
  2097 | D:3      | Noticed a phantom
  2104 | D:3      | Reached XP level 5. HP: 49/50 MP: 4/4
  2309 | D:3      | Killed a phantom
  2309 | D:3      | Reached skill level 5 in Shields
  2523 | D:3      | Reached XP level 6. HP: 35/59 MP: 5/5
  2583 | D:4      | Found a sand-covered staircase.
  2597 | Ossuary  | Entered an ossuary
  2597 | Ossuary  | Noticed a wraith
  2597 | Ossuary  | Noticed a wraith
  2597 | Ossuary  | Noticed a wraith
  2652 | Ossuary  | Noticed a wraith
  2680 | Ossuary  | Killed a wraith
  3156 | D:4      | Reached XP level 7. HP: 50/66 MP: 6/6
  3559 | D:4      | Noticed Htamos's ghost (amateur TrEE)
  3560 | D:4      | Found a transporter.
  3560 | D:4      | Found a transporter.
  3626 | D:4      | Found a staircase to the Ecumenical Temple.
  3643 | Temple   | Entered the Ecumenical Temple
  4219 | D:4      | Killed Htamos's ghost
  4219 | D:4      | Reached XP level 8. HP: 42/74 MP: 7/7
  4288 | D:5      | Entered Level 5 of the Dungeon
  4559 | D:5      | Found a glowing silver altar of Zin.
  4708 | D:5      | Found an opulent altar of Gozag.
  4972 | Temple   | Became a worshipper of Ashenzari the Shackled
  5253 | D:5      | Noticed Blork the orc
  5268 | D:5      | Killed Blork the orc
  5499 | D:5      | Found a deep blue altar of Sif Muna.
  5540 | D:5      | Found a basalt altar of Yredelemnul.
  5651 | D:5      | Reached skill level 10 in Shields
  5712 | D:6      | Reached XP level 9. HP: 71/80 MP: 8/8
  5826 | D:6      | Found Miug's Magic Scroll Shop.
  5840 | D:6      | Bought 2 scrolls of remove curse for 78 gold pieces
  5840 | D:6      | Bought a scroll of remove curse for 39 gold pieces
  5840 | D:6      | Bought a scroll of enchant weapon for 97 gold pieces
  5840 | D:6      | Bought a scroll of remove curse for 39 gold pieces
  5892 | D:6      | Reached * piety under Ashenzari
  6568 | D:6      | Found a shadowy altar of Dithmenos.
  6860 | D:7      | Found an ornate altar of the Wu Jian Council.
  7100 | D:7      | Noticed Pikel
  7119 | D:7      | Killed Pikel
  7891 | D:8      | Reached ** piety under Ashenzari
  8117 | D:8      | Reached XP level 10. HP: 41/87 MP: 9/9
  8290 | D:8      | Noticed a two-headed ogre
  8318 | D:8      | Killed a two-headed ogre
  8381 | D:8      | Found a sparkling altar of Nemelex Xobeh.
  8416 | D:8      | Found Jemu's Book Shoppe.
  8508 | D:9      | Noticed a two-headed ogre
  8525 | D:9      | Killed a two-headed ogre
  8548 | D:9      | Noticed a two-headed ogre
  8564 | D:9      | Killed a two-headed ogre
  8598 | D:9      | Noticed Psyche
  8622 | D:9      | Found a staircase to the Orcish Mines.
  8649 | D:9      | Killed Psyche
  9302 | D:9      | Noticed a two-headed ogre
  9386 | D:9      | Killed a two-headed ogre
  9494 | D:10     | Entered Level 10 of the Dungeon
  9627 | D:10     | Found a staircase to the Lair.
  9645 | D:10     | Noticed a gargoyle
  9648 | D:10     | Killed a gargoyle
  9730 | D:10     | Reached XP level 11. HP: 54/95 MP: 10/10
 10047 | D:10     | Reached skill level 3 in Fighting
 11024 | D:11     | Reached skill level 4 in Fighting
 11228 | D:11     | Killed an unseen horror
 11301 | D:11     | Noticed a two-headed ogre
 11312 | D:11     | Killed a two-headed ogre
 11357 | D:11     | Reached skill level 5 in Maces & Flails
 11373 | D:11     | Reached skill level 5 in Fighting
 11457 | D:11     | Noticed Erolcha
 11475 | D:11     | Killed Erolcha
 12091 | D:11     | Reached skill level 6 in Fighting
 12261 | D:11     | Reached *** piety under Ashenzari
 12482 | Orc:1    | Entered Level 1 of the Orcish Mines
 12520 | Orc:1    | Noticed Erica
 12531 | Orc:1    | Gained mutation: You expend magic power (3 MP) to strengthen your wands. [potion of mutation]
 12531 | Orc:1    | Gained mutation: You evolve. [potion of mutation]
 12531 | Orc:1    | Gained mutation: You are partially covered in thin metallic scales. (AC +2) [potion of mutation]
 12740 | D:9      | Killed Erica
 12965 | Orc:1    | Found Budef's Distillery.
 13260 | Orc:2    | Entered Level 2 of the Orcish Mines
 13271 | Orc:2    | Noticed an orc sorcerer
 13327 | Orc:2    | Paralysed by an orc sorcerer for 4 turns
 13339 | Orc:2    | Killed an orc sorcerer
 13339 | Orc:2    | Reached XP level 12. HP: 115/115 MP: 11/11
 13518 | Orc:2    | Found a staircase to the Elven Halls.
 13885 | Orc:2    | Noticed an ettin
 14092 | Orc:2    | Killed an ettin
 14092 | Orc:2    | Reached skill level 7 in Fighting
 14398 | Orc:2    | Paralysed by a floating eye for 3 turns
 14620 | Orc:2    | Noticed an orc high priest
 14779 | Orc:2    | Killed an orc high priest
 15017 | Orc:2    | Noticed an orc high priest
 15416 | Orc:1    | Reached skill level 8 in Fighting
 15430 | Orc:1    | Gained mutation: Your system is resistant to poisons. (rPois) [evolution]
 15442 | Orc:2    | Killed an orc high priest
 15556 | Orc:2    | Noticed an orc high priest
 15557 | Orc:2    | Noticed an orc high priest
 15643 | Orc:2    | Killed an orc high priest
 15729 | Orc:2    | Noticed an orc high priest
 15757 | Orc:2    | Gained mutation: Your muscles are strong. (Str +2) [a neqoxec]
 15801 | Orc:2    | Killed an orc high priest
 15900 | Orc:2    | Killed an orc high priest
 15906 | Orc:2    | Found Toewk's Magic Scroll Shoppe.
 15906 | Orc:2    | Found Gacoe's Weapon Shoppe.
 15907 | Orc:2    | Found Lokasoj's Armour Shoppe.
 15907 | Orc:2    | Found Nymemn's Food Emporium.
 15918 | Orc:2    | Bought a +4 blowgun for 343 gold pieces
 15922 | Orc:2    | Bought a scroll of remove curse for 45 gold pieces
 15922 | Orc:2    | Bought a scroll of identify for 30 gold pieces
 15922 | Orc:2    | Bought a scroll of enchant weapon for 112 gold pieces
 15922 | Orc:2    | Bought a scroll of identify for 30 gold pieces
 15922 | Orc:2    | Bought a scroll of identify for 30 gold pieces
 15922 | Orc:2    | Bought a scroll of identify for 30 gold pieces
 16609 | D:12     | Reached skill level 9 in Fighting
 16742 | D:12     | Reached **** piety under Ashenzari
 17151 | D:13     | Reached XP level 13. HP: 101/131 MP: 12/12
 17223 | D:13     | Reached skill level 10 in Maces & Flails
 17427 | D:13     | Identified the ring "Wuti" {rCorr rElec rC+}
 17427 | D:13     | Identified the cursed +1 scale mail "Cojavvo" {rElec Regen+ Str-5 Int+7}
 17428 | D:13     | Identified the ring "Qeikuzi" {rElec rF+ Dex+2 SInv}
 17523 | D:13     | Noticed a deep elf annihilator
 17539 | D:13     | Killed a deep elf annihilator
 17698 | D:13     | Reached skill level 10 in Fighting
 18424 | D:14     | Found a gate to the Vaults.
 18424 | D:14     | Noticed Rupert
 18424 | D:14     | Noticed Urug
 18624 | D:14     | Paralysed by Rupert for 6 turns
 19428 | D:14     | Paralysed by Rupert for 5 turns
 19476 | D:14     | Reached skill level 11 in Fighting
 19614 | D:14     | Reached XP level 14. HP: 114/146 MP: 13/13
 19714 | D:14     | Found Hoprom's General Store.
 19722 | D:14     | Bought a scroll of enchant weapon for 105 gold pieces
 19722 | D:14     | Bought a scroll of enchant weapon for 105 gold pieces
 19722 | D:14     | Bought a wand of acid (6) for 280 gold pieces
 19768 | D:14     | Killed Rupert
 20244 | D:15     | Entered Level 15 of the Dungeon
 20275 | D:15     | Reached ***** piety under Ashenzari
 20372 | D:15     | Noticed Kirke
 20373 | D:15     | Identified the ring "Som Owni" {rPois rC- rN+ Str+4 Int+2}
 20393 | D:15     | Killed Kirke
 20393 | D:15     | Reached skill level 1 in Axes
 20497 | D:15     | Reached skill level 12 in Fighting
 20539 | D:15     | Found a shattered altar of Ashenzari.
 20790 | D:15     | Identified the ring of Cowardice {Str+3 Int+3 Dex+3} (You took it off a death knight on level 15 of the Dungeon)
 20877 | D:15     | Killed Urug
 20877 | D:15     | Identified the ring "Ruirgh" {Dex+4 Stlth-} (You took it off Urug on level 15 of the Dungeon)
 21003 | D:15     | Noticed Azrael
 21010 | D:15     | Killed Azrael
 21034 | D:15     | Reached skill level 5 in Axes
 21132 | D:15     | Found a snail-covered altar of Cheibriados.
 21234 | D:15     | Paralysed by a great orb of eyes for 2 turns
 21287 | D:15     | Found a glowing golden altar of the Shining One.
 21469 | D:15     | Found a staircase to the Depths.
 21701 | D:15     | Reached XP level 15. HP: 101/158 MP: 14/14
 21841 | Lair:1   | Entered Level 1 of the Lair of Beasts
 22372 | Lair:1   | Gained mutation: You are frail. (-10% HP) [evolution]
 22792 | Lair:2   | Found a staircase to the Snake Pit.
 23800 | Lair:3   | Reached skill level 13 in Fighting
 24998 | Lair:4   | Reached ****** piety under Ashenzari
 25029 | Lair:4   | Found a staircase to the Shoals.
 26214 | Lair:5   | Identified the +6 ring mail of the Blacksmith {rF+ rC+ Regen+}
 26850 | Lair:6   | Entered Level 6 of the Lair of Beasts
 27061 | Lair:6   | Reached skill level 10 in Axes
 27599 | Lair:6   | Lost mutation: You evolve. [end of evolution]
 27952 | Lair:6   | Reached XP level 16. HP: 153/153 MP: 15/15
 28013 | Lair:6   | Found a staircase to the Slime Pits.
 28120 | Lair:6   | Found a viscous altar of Jiyva.
 28708 | Lair:6   | Identified the cursed +0 ring mail "Ittol" {*Corrode rElec rF++ rN+}
 28882 | Lair:6   | Identified a scroll of acquirement
 28994 | Snake:1  | Entered Level 1 of the Snake Pit
 29321 | Snake:1  | Reached skill level 14 in Fighting
 29484 | Snake:1  | Reduced skill Maces & Flails to level 10
 30699 | Snake:2  | Reached skill level 1 in Armour
 30821 | Snake:2  | Noticed Donald
 30838 | Snake:2  | Killed Donald
 31113 | Snake:2  | Noticed Aizul
 31134 | Snake:2  | Killed Aizul
 31348 | Snake:3  | Identified the +3 scale mail of Sin {Str+4 Dex+8}
 31357 | Snake:2  | Reached skill level 5 in Armour
 31568 | Snake:2  | Reached XP level 17. HP: 40/163 MP: 16/16
 32000 | Snake:3  | Reached skill level 15 in Axes
 32503 | Snake:4  | Entered Level 4 of the Snake Pit
 32529 | Snake:4  | Reduced skill Maces & Flails to level 5
 32529 | Snake:4  | Reached skill level 15 in Fighting
 33598 | Snake:4  | Identified the +1 ring mail of the Present {rF++ Str-3 Int+4}
 34032 | Snake:4  | Got a serpentine rune of Zot
 34614 | Vaults:1 | Entered Level 1 of the Vaults
 34632 | Vaults:1 | Reached XP level 18. HP: 173/173 MP: 17/17
 35169 | Vaults:1 | Reached skill level 1 in Stealth
 35223 | Vaults:1 | Noticed a lich
 35226 | Vaults:1 | Reached skill level 16 in Fighting
 35232 | Vaults:1 | Cast into level 3 of the Abyss (a lich)
 35322 | Abyss:3  | Noticed a Hell Sentinel
 35345 | Abyss:3  | Killed a Hell Sentinel
 35590 | Vaults:1 | Escaped the Abyss
 36750 | Vaults:1 | Reached XP level 19. HP: 184/184 MP: 18/18
 37310 | Vaults:2 | Got the morningstar of the New World {crush, +Rage +Fly rPois Int+4}
 37311 | Vaults:2 | Identified the +8 morningstar of the New World {crush, +Rage +Fly rPois Int+4} (You found it on level 2 of the Vaults)
 37687 | Vaults:2 | Found a staircase to the Crypt.
 37687 | Vaults:2 | Found an ancient bone altar of Kikubaaqudgha.
 37688 | Vaults:2 | Found a basalt altar of Yredelemnul.
 39014 | Vaults:3 | Reached skill level 17 in Fighting
 39045 | Vaults:3 | Noticed Margery
 39263 | Vaults:3 | Got the arbalest of the Queen {elec, rN+ Int+3 Dex+7}
 39268 | Vaults:3 | Identified the +9 arbalest of the Queen {elec, rN+ Int+3 Dex+7} (You took it off a yaktaur on level 3 of the Vaults)
 39311 | Vaults:3 | Reached skill level 1 in Crossbows
 39318 | Vaults:3 | Killed Margery
 39555 | Vaults:3 | Found Elez Nejie's Gadget Shoppe.
 39911 | Vaults:3 | Found Edwat's Gadget Shop.
 39966 | Vaults:3 | Found Verchoadu's Magic Scroll Shop.
 39970 | Vaults:3 | Found Hod Asot's Weapon Boutique.
 39974 | Vaults:3 | Bought a scroll of enchant armour for 157 gold pieces
 39974 | Vaults:3 | Bought a scroll of brand weapon for 420 gold pieces
 39974 | Vaults:3 | Bought a scroll of enchant weapon for 157 gold pieces
 39974 | Vaults:3 | Bought a scroll of enchant weapon for 157 gold pieces
 40047 | Vaults:3 | Found Iwugyak's Weapon Emporium.
 40052 | Vaults:3 | Reached XP level 20. HP: 196/196 MP: 19/19
 40675 | Vaults:4 | Reached skill level 15 in Shields
 40917 | Vaults:4 | Reached skill level 10 in Armour
 41106 | Vaults:4 | Noticed Bai Suzhen
 41365 | Vaults:3 | Killed Bai Suzhen
 42431 | Vaults:4 | Lost mutation: You are partially covered in thin metallic scales. (AC +2) [potion of mutation]
 42431 | Vaults:4 | Lost mutation: Your system is resistant to poisons. (rPois) [potion of mutation]
 42431 | Vaults:4 | Lost mutation: Your muscles are strong. (Str +2) [potion of mutation]
 42431 | Vaults:4 | Lost mutation: You are frail. (-10% HP) [potion of mutation]
 42431 | Vaults:4 | Gained mutation: Your flesh is heat resistant. (rF+) [potion of mutation]
 42431 | Vaults:4 | Gained mutation: You are dopey. (Int -2) [potion of mutation]
 42431 | Vaults:4 | Gained mutation: You are agile. (Dex +2) [potion of mutation]
 42453 | Vaults:5 | Entered Level 5 of the Vaults
 42456 | Vaults:5 | Noticed a golden dragon
 42586 | Vaults:4 | Killed a golden dragon
 42586 | Vaults:4 | Reached skill level 18 in Fighting
 42608 | Vaults:5 | Reached XP level 21. HP: 166/230 MP: 20/20
 43232 | Vaults:5 | Noticed a golden dragon
 43237 | Vaults:5 | Identified the +2 chain mail of Impressiveness {-Cast rElec Str+4} (You took it off an orc on level 5 of the Vaults)
 43426 | Vaults:5 | Got a silver rune of Zot
 43645 | Vaults:5 | Identified the +2 hat of Dyoffut {rF+ Dex+2 Stlth+}
 43859 | Vaults:5 | Killed a golden dragon
 44112 | Vaults:5 | Identified the +7 hand axe "Iloot" {freeze, rF+ Str+2 Dex-2} (You took it off an orc on level 5 of the Vaults)
 44670 | Vaults:5 | Identified the +8 short sword of Patterns {holy, rN++ Int+3 Dex+4}
 44670 | Vaults:5 | Identified the +3 hunting sling "Orb Guardian's Foe" {velocity, +Inv rC+ Int-4 SInv}
 45216 | Depths:1 | Entered Level 1 of the Depths
 45421 | Depths:1 | Found a gateway to Hell.
 46091 | Depths:1 | Reached XP level 22. HP: 238/240 MP: 21/21
 46117 | Depths:1 | Noticed Nikola
 46142 | Depths:1 | Killed Nikola
 47178 | Depths:2 | Found a shattered altar of Ashenzari.
 47377 | Depths:2 | Reached skill level 19 in Fighting
 47505 | Depths:2 | Reached skill level 5 in Dodging
 47865 | Depths:2 | Found a one-way gate to the infinite horrors of the Abyss.
 47985 | Depths:3 | Found a snail-covered altar of Cheibriados.
 48767 | Depths:3 | Paralysed by a sphinx for 2 turns
 48776 | Depths:3 | Paralysed by a vampire knight for 2 turns
 48793 | Depths:3 | Noticed a golden dragon
 48808 | Depths:3 | Killed a golden dragon
 49032 | Depths:3 | Noticed a juggernaut
 49050 | Depths:3 | Killed a juggernaut
 49050 | Depths:3 | Reached XP level 23. HP: 243/251 MP: 22/22
 49113 | Depths:3 | Identified the +8 quarterstaff of the Twelve Moons {vamp, rN+}
 49131 | Depths:3 | Identified Tilo's Guide on the Igneous Compass
 49618 | Depths:3 | Found a one-way gate leading to the halls of Pandemonium.
 50742 | Depths:4 | Noticed an ancient lich
 50751 | Depths:4 | Killed an ancient lich
 50835 | Depths:4 | Found a gateway to a ziggurat.
 50878 | Depths:4 | Noticed Louise
 50891 | Depths:4 | Killed Louise
 51367 | Depths:4 | Identified the ring "Hucvuoc" {Str+3 Dex+4 Stlth-}
 51369 | Depths:4 | Identified the +8 trident "Cel Umuv" {flame, rF++ Dex+3} (You took it off a deep elf high priest on level 4 of the Depths)
 51693 | Depths:4 | Noticed a caustic shrike
 51950 | Depths:4 | Killed a caustic shrike
 51975 | Depths:4 | Found the +7 sceptre of Torment
 52585 | Depths:4 | Identified the +7 mace of the Fool {antimagic, rN+ Int+3}
 52702 | Depths:5 | Entered Level 5 of the Depths
 52813 | Depths:5 | Noticed Jorgrun
 52821 | Depths:5 | Killed Jorgrun
 52838 | Depths:5 | Reached XP level 24. HP: 172/262 MP: 22/22
 53324 | Depths:5 | Reached skill level 20 in Fighting
 53370 | Depths:5 | Found a gate to the Realm of Zot.
 53496 | Depths:5 | Paralysed by a floating eye for 3 turns
 53610 | Depths:5 | Reached skill level 15 in Armour
 53850 | Depths:5 | Paralysed by a great orb of eyes for 4 turns
 53954 | Depths:5 | Found a corrupted altar of Lugonu.
 54119 | Depths:5 | Voluntarily entered the Abyss.
 54139 | Abyss:1  | Found a radiant altar of Vehumet.
 54291 | Abyss:1  | Lost intelligence.
 54484 | Abyss:1  | Found a snail-covered altar of Cheibriados.
 54538 | Abyss:1  | Found a snail-covered altar of Cheibriados.
 54538 | Abyss:1  | Lost intelligence.
 54696 | Abyss:2  | Reached skill level 10 in Dodging
 54991 | Abyss:3  | Paralysed by accursed screaming for 2 turns
 55300 | Abyss:3  | Paralysed by accursed screaming for 1 turns
 55336 | Abyss:3  | Found a stormy altar of Qazlal.
 55417 | Abyss:3  | Paralysed by accursed screaming for 1 turns
 55495 | Abyss:3  | Got an abyssal rune of Zot
 55599 | Depths:5 | Escaped the Abyss
 55852 | Depths:5 | Voluntarily entered the Abyss.
 56226 | Abyss:1  | Reached XP level 25. HP: 247/275 MP: 16/22
 56493 | Abyss:1  | Found an iron altar of Okawaru.
 56574 | Abyss:1  | Gained mutation: You occasionally shout uncontrollably at your foes. [a neqoxec]
 56580 | Abyss:1  | Gained mutation: Scrolls take you a little longer to read. [a neqoxec]
 56585 | Abyss:1  | Lost mutation: You are dopey. (Int -2) [potion of mutation]
 56585 | Abyss:1  | Lost mutation: You are agile. (Dex +2) [potion of mutation]
 56585 | Abyss:1  | Lost mutation: Scrolls take you a little longer to read. [potion of mutation]
 56585 | Abyss:1  | Lost mutation: You expend magic power (3 MP) to strengthen your wands. [potion of mutation]
 56585 | Abyss:1  | Gained mutation: Your muscles are strong. (Str +2) [potion of mutation]
 56585 | Abyss:1  | Gained mutation: Your spells are a little harder to cast, but a little more powerful. [potion of mutation]
 56941 | Abyss:1  | Found a corrupted altar of Lugonu.
 57004 | Abyss:1  | Gained mutation: You sometimes yell uncontrollably at your foes. [a neqoxec]
 57054 | Abyss:1  | Identified the +3 robe "Gopapiz" {-Tele rCorr Str+3 Dex+4}
 57507 | Abyss:1  | Gained mutation: Your body often deteriorates upon taking damage. [a cacodemon]
 57776 | Abyss:1  | Lost mutation: Your spells are a little harder to cast, but a little more powerful. [potion of mutation]
 57776 | Abyss:1  | Lost mutation: Your muscles are strong. (Str +2) [potion of mutation]
 57776 | Abyss:1  | Gained mutation: You are agile. (Dex +2) [potion of mutation]
 57776 | Abyss:1  | Gained mutation: You possess an exceptional clarity of mind. [potion of mutation]
 57900 | Abyss:1  | Found a corrupted altar of Lugonu.
 57971 | Depths:5 | Escaped the Abyss
 58115 | Zot:1    | Entered Level 1 of the Realm of Zot
 59169 | Zot:1    | Noticed an orb of fire
 59180 | Zot:1    | Lost mutation: You are agile. (Dex +2) [an orb of fire]
 59181 | Zot:1    | Gained mutation: Scrolls take you a little longer to read. [an orb of fire]
 59181 | Zot:1    | Gained mutation: Armour fits poorly on your strangely shaped body. [an orb of fire]
 59195 | Zot:1    | Killed an orb of fire
 59250 | Zot:1    | Reached XP level 26. HP: 257/286 MP: 22/22
 59992 | Zot:2    | Reached skill level 21 in Fighting
 62488 | Zot:3    | HP: 16/432 [tentacled monstrosity (9)]
 63222 | Zot:4    | Found a runed gate.
 63222 | Zot:4    | Found a runed gate.
 63222 | Zot:4    | Found a runed gate.
 63222 | Zot:4    | Noticed Eti Unetaam's ghost (legendary SpEn)
 63223 | Zot:4    | Noticed Tirphy's ghost (legendary SpEn)
 63223 | Zot:4    | Noticed Umeck's ghost (legendary MfSk)
 63225 | Zot:4    | Identified the ring of Fixation {Ice rN++ Str+4 Dex-4}
 63459 | Zot:5    | Entered Level 5 of the Realm of Zot
 63553 | Zot:5    | Noticed an ancient lich
 63562 | Zot:5    | Paralysed by an ancient lich for 3 turns
 63576 | Zot:5    | Paralysed by an ancient lich for 6 turns
 63586 | Zot:5    | Killed an ancient lich
 63586 | Zot:5    | Reached XP level 27. HP: 249/299 MP: 22/22
 63627 | Zot:5    | Noticed Tiamat
 63655 | Zot:5    | HP: 13/299 [purple draconian/bolt of dispelling energy[Tiamat] (11)]
 63660 | Zot:5    | HP: 10/299 [poisoned by Tiamat]
 63660 | Zot:5    | Killed from afar by a purple draconian

Vault maps used:
D:1:      zaba_arrival_water, minmay_small_reverse_x
D:2:      chequers_ecumenical_altar_island, first_ration
D:3:      nicolae_overflow_crystal_walls
D:4:      minmay_temple_entry_fiery, gammafunk_ghost_smash,
          nicolae_ossuary_entry_ruins
D:5:      kennysheep_mini, lemuel_zombie_altar_yredelemnul, lemuel_doored_altar,
          grunt_gozag_breadcrumbs, kennysheep_generic_room_9, uniq_blork_the_orc
D:6:      kennysheep_mini_moat, nicolae_overflow_hidden_temple, serial_shops,
          nicolae_shop_behind_doors, kb_lookout_dungeons_type
D:7:      old_standard_altar, uniq_pikel
D:8:      nemelex_altar_shiori, serial_shops, shop
D:9:      orc_0_dummy, uniq_psyche
D:10:     lair_entry_dummy
D:11:     hangedman_fish_farm, uniq_erolcha
D:12:     lemuel_flamethrower_2
D:13:     minmay_tile_spiral
D:14:     david_vaults_3, minmay_misc_feat_four_crosses, serial_shops, shop,
          hex_tiny, minmay_misc_feat_diagonals
D:15:     hangedman_spin_cycle
Temple:   jpeg_temple_clearing
Lair:1:   beast_lair_carwin_large_1, serial_bayou_crossing
Lair:2:   lemuel_reptile_caves, guppyfry_snake_entry_garden
Lair:3:   infiniplex_staircase_pool_2, grunt_megastairs_5
Lair:4:   minmay_shoals_entry_lonely_mermaid, beast_lair_carwin_10
Lair:6:   hangedman_lair_in_review, slime_altar_1, lookout_lair_type,
          lemuel_old_faithful
Snake:2:  serial_bayou_pond_b, lemuel_fruit_tree, uniq_aizul, uniq_donald
Snake:3:  st_stairs_10, serial_bayou_ford_a
Snake:4:  snake_pit, spider_trap
Orc:1:    serial_shops, shop, uniq_erica
Orc:2:    st_orc_pillars
Vaults:1: v_misc_33, ontoclasm_vaults_hangar, vaults_room_pool,
          dpeg_vaults_pockets_of_resistance, vaults_room_grunt_arrival_ludios,
          ontoclasm_vaults_twist
Vaults:2: vaults_dpeg_hooks, st_cross, v_misc_5, nicolae_vaults_ninety_degrees,
          v_misc_14, v_alt_pattern_6, minmay_crypt_entry_necro_gods,
          nicolae_vaults_network_square, ontoclasm_vaults_misaligned, v_misc_11,
          grunt_vaults_funnel, ontoclasm_vaults_decontamination,
          grunt_vaults_focal
Vaults:3: ontoclasm_vaults_idyll, v_misc_22, nicolae_vaults_yaktaur_gun_rack,
          hangedman_vaults_corner_blocks, ontoclasm_vaults_spin,
          vaults_standard_mumra_enter_the_diamond, hangedman_vaults_stagger,
          vaults_dpeg_encased_lava, v_misc_27, v_rooms_5,
          ontoclasm_vaults_claustrophobia, ontoclasm_vaults_ring_small,
          grunt_vaults_hallway_long, vaults_room_hallway, vaults_room_door_ring,
          serial_shops, nicolae_shop_crystal, nicolae_shop_waterfront,
          nicolae_shop_waterfront, shop, shop, uniq_margery
Vaults:4: v_rooms_1, v_rooms_3, nicolae_vaults_theta, v_misc_2,
          vaults_room_door_ring, nicolae_vaults_display_case, v_misc_1,
          grunt_vaults_hallway_short, vaults_room_stairs_pillars,
          dpeg_vaults_monster_box, uniq_jory, uniq_bai_suzhen
Depths:1: hell_entry, grunt_decor_one_mirror, grunt_ministairs_13,
          minmay_guarded_unrand_curses, uniq_nikola
Depths:2: kennysheep_ogre_elephant_herders, hell_entry,
          abyss_entry_small_statue_room, grunt_decor_mini_mirrors,
          evilmike_ruin_ashenzari, minmay_staircase_statues,
          serial_bayou_shore_a
Depths:3: minmay_nine_rooms, rand_demon_pan_entry_9, abyss_entry,
          pf_hell_entry_tar_spiral, cheibriados_altar_1, grunt_decor_arrowhead,
          spider_trap
Depths:4: little_maze_vault, enter_ziggurat_b, pan_entry, lightli_too_deep,
          nicolae_abyss_entry_one_way_or_another
Depths:5: grunt_x_marks_the_spot, minmay_door_square, abyss_entry_flame_altar,
          hell_entry, uniq_jorgrun
Zot:2:    grunt_megastairs_2
Zot:3:    zot_minivault_1
Zot:4:    gammafunk_ghost_cemetery
Zot:5:    gammafunk_ghost_necromancy, st_stairs_9, uniq_tiamat
Abyss:3:  minivault_26, evilmike_abyss_rune_tso_outpost
Ossuary:  ossuary_kennysheep_city_of_the_dead

Skill      XL: |  1  2  3  4  5  6  7  8  9 10 11 12 13 14 15 16 17 18 19 20 21 22 23 24 25 26 |
---------------+-------------------------------------------------------------------------------+-----
Maces & Flails | 2 6 9 11 12 6 2 0 |  0.0
Shields        | 3 4 5 6 8 10 12 13 14 15 16 17 18 19 | 19.8
Fighting       | 6 9 11 12 13 14 15 16 17 18 19 20 21 | 21.7
Axes           | 6 10 14 16 17 18 19 | 19.5
Armour         | 5 7 9 11 12 13 14 15 16 | 16.9
Stealth        | 1 0 |  0.0
Crossbows      | 1 |  1.7
Dodging        | 3 6 9 10 11 12 | 12.9

Action                   |  1- 3 |  4- 6 |  7- 9 | 10-12 | 13-15 | 16-18 | 19-21 | 22-24 | 25-27 || total
-------------------------+-------+-------+-------+-------+-------+-------+-------+-------+-------++-------
Melee: Flail             |   113 |   311 |   471 |   763 |  1745 |   121 |       |       |       ||  3524
       Whip              |       |       |   212 |   398 |       |       |       |       |       ||   610
       Trident           |       |       |       |   233 |       |       |       |       |       ||   233
       Mace              |       |       |       |       |     4 |       |       |       |       ||     4
       Unarmed           |       |       |       |       |     3 |       |       |       |       ||     3
       Broad axe         |       |       |       |       |   289 |  1445 |  1294 |  1979 |  1372 ||  6379
       Morningstar       |       |       |       |       |       |       |       |       |    38 ||    38
 Fire: Blowgun           |       |       |       |       |    20 |       |       |       |       ||    20
Throw: Throwing net      |       |       |       |       |       |       |       |       |     4 ||     4
Invok: Curse Item        |       |       |     1 |     2 |     2 |       |     4 |       |       ||     9
       Transfer Knowledg |       |       |       |       |       |     4 |     1 |       |       ||     5
Evoke: Wand              |       |     2 |     5 |    76 |    31 |     1 |     4 |     3 |       ||   122
       Lamp of fire      |       |       |       |       |     1 |       |     1 |       |       ||     2
  Use: Scroll            |     1 |     7 |     5 |    10 |    11 |    23 |    21 |    11 |     6 ||    95
       Potion            |       |     1 |     6 |    10 |     7 |    14 |    12 |     7 |     5 ||    62
 Stab: Sleeping          |     1 |     1 |     2 |     5 |       |       |       |       |       ||     9
       Confused          |       |       |     3 |       |       |       |     2 |       |       ||     5
       Paralysed         |       |       |       |    52 |       |       |     2 |       |       ||    54
       Distracted        |       |       |       |       |     1 |       |     1 |     1 |       ||     3
       Petrified         |       |       |       |       |     4 |       |       |       |       ||     4
       Petrifying        |       |       |       |       |     1 |       |       |     1 |       ||     2
       Invisible         |       |       |       |       |       |       |       |     5 |       ||     5
  Eat: Chunk             |    13 |    20 |    51 |    91 |    99 |    73 |    84 |    65 |    66 ||   562
       Ration            |       |       |       |     2 |       |     3 |       |     5 |     3 ||    13
Armor: Robe              |    41 |    85 |   105 |    37 |       |       |       |       |       ||   268
       Troll leather arm |       |       |       |   178 |    84 |       |       |       |       ||   262
       Skin              |       |       |       |    10 |     1 |       |    28 |       |    14 ||    53
       Fire dragon scale |       |       |       |       |   302 |   173 |       |       |       ||   475
       Gold dragon scale |       |       |       |       |       |   248 |   284 |   474 |   340 ||  1346
Dodge: Dodged            |    23 |    67 |   150 |   317 |   410 |   228 |   113 |   245 |   261 ||  1814
       Deflected         |       |       |       |     7 |    10 |    39 |    13 |    30 |    18 ||   117
Block: Shield            |    21 |       |       |       |       |       |       |       |       ||    21
       Large shield      |    75 |   316 |   718 |  1706 |  2206 |  1800 |  1155 |  1972 |  1511 || 11459

Table legend:
 A = Spawn XP
 B = Non-spawn XP
 C = Spawn XP percentage of total XP
 D = Spawn monster count
 E = Non-spawn monster count
 F = Spawn count percentage of total count
 G = Total turns spent on level
                    A         B        C        D         E        F      G
               +---------+---------+-------+---------+---------+-------+---------
         Total |  149263 | 1354811 |   9.9 |     227 |    2160 |   9.5 | 63660
               +---------+---------+-------+---------+---------+-------+---------
           D:1 |       0 |      40 |   0.0 |       0 |      24 |   0.0 |   763
           D:2 |       0 |     112 |   0.0 |       0 |      26 |   0.0 |   783
           D:3 |       0 |     257 |   0.0 |       0 |      32 |   0.0 |   992
           D:4 |       0 |    1009 |   0.0 |       0 |      17 |   0.0 |  1201
           D:5 |       0 |     927 |   0.0 |       0 |      29 |   0.0 |  1377
           D:6 |       0 |     615 |   0.0 |       0 |      12 |   0.0 |   884
           D:7 |       0 |    1411 |   0.0 |       0 |      29 |   0.0 |  1061
           D:8 |       0 |    1939 |   0.0 |       0 |      21 |   0.0 |   804
           D:9 |       0 |    4979 |   0.0 |       0 |      34 |   0.0 |  1322
          D:10 |       0 |    2933 |   0.0 |       0 |      32 |   0.0 |  1570
          D:11 |       0 |    6251 |   0.0 |       0 |      40 |   0.0 |  1436
          D:12 |       0 |    2330 |   0.0 |       0 |      17 |   0.0 |   697
          D:13 |       0 |   18460 |   0.0 |       0 |      43 |   0.0 |  1879
          D:14 |       0 |   14858 |   0.0 |       0 |      34 |   0.0 |  1317
          D:15 |       0 |   35129 |   0.0 |       0 |      66 |   0.0 |  1665
        Lair:1 |       0 |    4469 |   0.0 |       0 |      25 |   0.0 |   891
        Lair:2 |       0 |    6004 |   0.0 |       0 |      57 |   0.0 |  1097
        Lair:3 |       0 |    8567 |   0.0 |       0 |      35 |   0.0 |  1067
        Lair:4 |       0 |    9208 |   0.0 |       0 |      34 |   0.0 |  1104
        Lair:5 |       0 |    6444 |   0.0 |       0 |      31 |   0.0 |  1087
        Lair:6 |       0 |   27284 |   0.0 |       0 |      66 |   0.0 |  1967
       Snake:1 |       0 |   20568 |   0.0 |       0 |      44 |   0.0 |  1620
       Snake:2 |       0 |   22283 |   0.0 |       0 |      38 |   0.0 |  1145
       Snake:3 |       0 |   34971 |   0.0 |       0 |      63 |   0.0 |   972
       Snake:4 |       0 |   45435 |   0.0 |       0 |      72 |   0.0 |  1731
         Orc:1 |       0 |    2685 |   0.0 |       0 |      36 |   0.0 |  1557
         Orc:2 |       0 |   10968 |   0.0 |       0 |      93 |   0.0 |  2125
      Vaults:1 |     126 |   72241 |   0.2 |       1 |     113 |   0.9 |  2132
      Vaults:2 |       0 |   61913 |   0.0 |       0 |      95 |   0.0 |  1809
      Vaults:3 |       0 |   42660 |   0.0 |       0 |      56 |   0.0 |  2260
      Vaults:4 |       0 |   80807 |   0.0 |       0 |      95 |   0.0 |  1945
      Vaults:5 |       0 |  125920 |   0.0 |       0 |     129 |   0.0 |  2341
      Depths:1 |       0 |   29640 |   0.0 |       0 |      44 |   0.0 |  1496
      Depths:2 |       0 |   62878 |   0.0 |       0 |      77 |   0.0 |  1360
      Depths:3 |       0 |   98902 |   0.0 |       0 |      86 |   0.0 |  2251
      Depths:4 |       0 |   84781 |   0.0 |       0 |      65 |   0.0 |  2376
      Depths:5 |       0 |   79932 |   0.0 |       0 |      51 |   0.0 |  1888
         Zot:1 |       0 |   74259 |   0.0 |       0 |      40 |   0.0 |  1338
         Zot:2 |       0 |   52682 |   0.0 |       0 |      41 |   0.0 |  1363
         Zot:3 |       0 |   69133 |   0.0 |       0 |      42 |   0.0 |  1549
         Zot:4 |       0 |   29029 |   0.0 |       0 |      16 |   0.0 |   593
         Zot:5 |       0 |   19374 |   0.0 |       0 |       7 |   0.0 |   201
       Abyss:1 |   95390 |   60900 |  61.0 |     132 |      97 |  57.6 |  2543
       Abyss:2 |    4595 |     142 |  97.0 |       9 |       1 |  90.0 |   172
       Abyss:3 |   49152 |   19173 |  71.9 |      85 |      41 |  67.5 |  1242
       Ossuary |       0 |     309 |   0.0 |       0 |      14 |   0.0 |   534
               +---------+---------+-------+---------+---------+-------+---------
